Workbook

Sheet Calculadora
B2: Interés compuesto con aportaciones periódicas | D2: Plantilla de skilio.com/calculadoras/interes-compuesto/
B3: Cuánto tendrás si inviertes una cantidad hoy y aportas cada mes.
B4: Cambia las celdas naranjas. Todo lo demás se calcula solo.
B6: Tus datos
B7: Dinero que tienes hoy | C7: 10000
B8: Aportación periódica | C8: 200
B9: Cada cuánto aportas | C9: Cada mes
B10: Rentabilidad anual esperada | C10: 0.07 | D10: La bolsa mundial ha dado de media un 6-8 % al año a largo plazo, con años muy malos.
B11: Años | C11: 20 | D11: Hasta 80.
B12: Capitalización de los intereses | C12: Mensual
B13: Momento de la aportación | C13: Al final del periodo
B14: Subir la aportación cada año | C14: 0 | D14: Por ejemplo, un 3 % para que suba con tu sueldo.
B15: Inflación anual (opcional) | C15: 0 | D15: Para ver el resultado en dinero de hoy.
B16: Impuesto sobre la ganancia al retirar (opcional) | C16: 0
B18: Datos que se calculan
B19: Aportaciones al año | C19: =IF($C$9="Cada trimestre",4,IF($C$9="Cada semestre",2,IF($C$9="Cada año",1,12))) -> 12
B20: Capitalizaciones al año | C20: =IF($C$12="Trimestral",4,IF($C$12="Anual",1,IF($C$12="Diaria",365,12))) -> 12
B21: Rentabilidad equivalente al mes | C21: =(1+$C$10/$C$20)^($C$20/12)-1 -> 0.0058333333
B22: Meses | C22: =ROUND($C$11*12,0) -> 240
B24: Resultados
B25: Tendrás al final | C25: =INDEX('Mes a mes'!E7:E966,$C$22) -> 144572.72
B26: Total aportado | C26: =INDEX('Mes a mes'!F7:F966,$C$22) -> 58000
B27: Intereses ganados | C27: =$C$25-$C$26 -> 86572.72
B28: Parte del total que son intereses | C28: =IF($C$25<>0,$C$27/$C$25,0) -> 0.59881781
B29: Tu dinero se multiplica por | C29: =IF($C$26>0,$C$25/$C$26,0) -> 2.4926331
B30: En dinero de hoy (descontando la inflación) | C30: =$C$25/(1+$C$15)^$C$11 -> 144572.72
B31: Te queda después del impuesto | C31: =$C$25-MAX(0,$C$27)*$C$16 -> 144572.72

Sheet Mes a mes
B2: Interés compuesto mes a mes
B3: Hasta 80 años.
B4: Plantilla de skilio.com/calculadoras/interes-compuesto/
A5: Mes | B5: Año | C5: Aportas este mes | D5: Intereses del mes | E5: Saldo | F5: Total aportado
A6: 0 | E6: ='Calculadora'!$C$7 -> 10000 | F6: ='Calculadora'!$C$7 -> 10000
A7: =IF(A6="","",IF(A6+1>'Calculadora'!$C$22,"",A6+1)) -> 1 | B7: =IF(A7="","",ROUNDUP(A7/12,0)) -> 1 | C7: =IF(A7="","",IF(MOD(A7-1,12/'Calculadora'!$C$19)=0,'Calculadora'!$C$8*(1+'Calculadora'!$C$14)^INT((A7-1)/12),0)) -> 200 | D7: =IF(A7="","",(E6+IF('Calculadora'!$C$13="Al principio del periodo",C7,0))*'Calculadora'!$C$21) -> 58.333333 | E7: =IF(A7="","",E6+C7+D7) -> 10258.333 | F7: =IF(A7="","",F6+C7) -> 10200
A8: =IF(A7="","",IF(A7+1>'Calculadora'!$C$22,"",A7+1)) -> 2 | B8: =IF(A8="","",ROUNDUP(A8/12,0)) -> 1 | C8: =IF(A8="","",IF(MOD(A8-1,12/'Calculadora'!$C$19)=0,'Calculadora'!$C$8*(1+'Calculadora'!$C$14)^INT((A8-1)/12),0)) -> 200 | D8: =IF(A8="","",(E7+IF('Calculadora'!$C$13="Al principio del periodo",C8,0))*'Calculadora'!$C$21) -> 59.840278 | E8: =IF(A8="","",E7+C8+D8) -> 10518.174 | F8: =IF(A8="","",F7+C8) -> 10400
A9: =IF(A8="","",IF(A8+1>'Calculadora'!$C$22,"",A8+1)) -> 3 | B9: =IF(A9="","",ROUNDUP(A9/12,0)) -> 1 | C9: =IF(A9="","",IF(MOD(A9-1,12/'Calculadora'!$C$19)=0,'Calculadora'!$C$8*(1+'Calculadora'!$C$14)^INT((A9-1)/12),0)) -> 200 | D9: =IF(A9="","",(E8+IF('Calculadora'!$C$13="Al principio del periodo",C9,0))*'Calculadora'!$C$21) -> 61.356013 | E9: =IF(A9="","",E8+C9+D9) -> 10779.53 | F9: =IF(A9="","",F8+C9) -> 10600
A10: =IF(A9="","",IF(A9+1>'Calculadora'!$C$22,"",A9+1)) -> 4 | B10: =IF(A10="","",ROUNDUP(A10/12,0)) -> 1 | C10: =IF(A10="","",IF(MOD(A10-1,12/'Calculadora'!$C$19)=0,'Calculadora'!$C$8*(1+'Calculadora'!$C$14)^INT((A10-1)/12),0)) -> 200 | D10: =IF(A10="","",(E9+IF('Calculadora'!$C$13="Al principio del periodo",C10,0))*'Calculadora'!$C$21) -> 62.880589 | E10: =IF(A10="","",E9+C10+D10) -> 11042.41 | F10: =IF(A10="","",F9+C10) -> 10800
A11: =IF(A10="","",IF(A10+1>'Calculadora'!$C$22,"",A10+1)) -> 5 | B11: =IF(A11="","",ROUNDUP(A11/12,0)) -> 1 | C11: =IF(A11="","",IF(MOD(A11-1,12/'Calculadora'!$C$19)=0,'Calculadora'!$C$8*(1+'Calculadora'!$C$14)^INT((A11-1)/12),0)) -> 200 | D11: =IF(A11="","",(E10+IF('Calculadora'!$C$13="Al principio del periodo",C11,0))*'Calculadora'!$C$21) -> 64.41406 | E11: =IF(A11="","",E10+C11+D11) -> 11306.824 | F11: =IF(A11="","",F10+C11) -> 11000
A12: =IF(A11="","",IF(A11+1>'Calculadora'!$C$22,"",A11+1)) -> 6 | B12: =IF(A12="","",ROUNDUP(A12/12,0)) -> 1 | C12: =IF(A12="","",IF(MOD(A12-1,12/'Calculadora'!$C$19)=0,'Calculadora'!$C$8*(1+'Calculadora'!$C$14)^INT((A12-1)/12),0)) -> 200 | D12: =IF(A12="","",(E11+IF('Calculadora'!$C$13="Al principio del periodo",C12,0))*'Calculadora'!$C$21) -> 65.956475 | E12: =IF(A12="","",E11+C12+D12) -> 11572.781 | F12: =IF(A12="","",F11+C12) -> 11200
A13: =IF(A12="","",IF(A12+1>'Calculadora'!$C$22,"",A12+1)) -> 7 | B13: =IF(A13="","",ROUNDUP(A13/12,0)) -> 1 | C13: =IF(A13="","",IF(MOD(A13-1,12/'Calculadora'!$C$19)=0,'Calculadora'!$C$8*(1+'Calculadora'!$C$14)^INT((A13-1)/12),0)) -> 200 | D13: =IF(A13="","",(E12+IF('Calculadora'!$C$13="Al principio del periodo",C13,0))*'Calculadora'!$C$21) -> 67.507888 | E13: =IF(A13="","",E12+C13+D13) -> 11840.289 | F13: =IF(A13="","",F12+C13) -> 11400
A14: =IF(A13="","",IF(A13+1>'Calculadora'!$C$22,"",A13+1)) -> 8 | B14: =IF(A14="","",ROUNDUP(A14/12,0)) -> 1 | C14: =IF(A14="","",IF(MOD(A14-1,12/'Calculadora'!$C$19)=0,'Calculadora'!$C$8*(1+'Calculadora'!$C$14)^INT((A14-1)/12),0)) -> 200 | D14: =IF(A14="","",(E13+IF('Calculadora'!$C$13="Al principio del periodo",C14,0))*'Calculadora'!$C$21) -> 69.06835 | E14: =IF(A14="","",E13+C14+D14) -> 12109.357 | F14: =IF(A14="","",F13+C14) -> 11600
A15: =IF(A14="","",IF(A14+1>'Calculadora'!$C$22,"",A14+1)) -> 9 | B15: =IF(A15="","",ROUNDUP(A15/12,0)) -> 1 | C15: =IF(A15="","",IF(MOD(A15-1,12/'Calculadora'!$C$19)=0,'Calculadora'!$C$8*(1+'Calculadora'!$C$14)^INT((A15-1)/12),0)) -> 200 | D15: =IF(A15="","",(E14+IF('Calculadora'!$C$13="Al principio del periodo",C15,0))*'Calculadora'!$C$21) -> 70.637916 | E15: =IF(A15="","",E14+C15+D15) -> 12379.995 | F15: =IF(A15="","",F14+C15) -> 11800
A16: =IF(A15="","",IF(A15+1>'Calculadora'!$C$22,"",A15+1)) -> 10 | B16: =IF(A16="","",ROUNDUP(A16/12,0)) -> 1 | C16: =IF(A16="","",IF(MOD(A16-1,12/'Calculadora'!$C$19)=0,'Calculadora'!$C$8*(1+'Calculadora'!$C$14)^INT((A16-1)/12),0)) -> 200 | D16: =IF(A16="","",(E15+IF('Calculadora'!$C$13="Al principio del periodo",C16,0))*'Calculadora'!$C$21) -> 72.216637 | E16: =IF(A16="","",E15+C16+D16) -> 12652.212 | F16: =IF(A16="","",F15+C16) -> 12000
A17: =IF(A16="","",IF(A16+1>'Calculadora'!$C$22,"",A16+1)) -> 11 | B17: =IF(A17="","",ROUNDUP(A17/12,0)) -> 1 | C17: =IF(A17="","",IF(MOD(A17-1,12/'Calculadora'!$C$19)=0,'Calculadora'!$C$8*(1+'Calculadora'!$C$14)^INT((A17-1)/12),0)) -> 200 | D17: =IF(A17="","",(E16+IF('Calculadora'!$C$13="Al principio del periodo",C17,0))*'Calculadora'!$C$21) -> 73.804567 | E17: =IF(A17="","",E16+C17+D17) -> 12926.016 | F17: =IF(A17="","",F16+C17) -> 12200
A18: =IF(A17="","",IF(A17+1>'Calculadora'!$C$22,"",A17+1)) -> 12 | B18: =IF(A18="","",ROUNDUP(A18/12,0)) -> 1 | C18: =IF(A18="","",IF(MOD(A18-1,12/'Calculadora'!$C$19)=0,'Calculadora'!$C$8*(1+'Calculadora'!$C$14)^INT((A18-1)/12),0)) -> 200 | D18: =IF(A18="","",(E17+IF('Calculadora'!$C$13="Al principio del periodo",C18,0))*'Calculadora'!$C$21) -> 75.401761 | E18: =IF(A18="","",E17+C18+D18) -> 13201.418 | F18: =IF(A18="","",F17+C18) -> 12400
... A966: =IF(A965="","",IF(A965+1>'Calculadora'!$C$22,"",A965+1)) | B966: =IF(A966="","",ROUNDUP(A966/12,0)) | C966: =IF(A966="","",IF(MOD(A966-1,12/'Calculadora'!$C$19)=0,'Calculadora'!$C$8*(1+'Calculadora'!$C$14)^INT((A966-1)/12),0)) | D966: =IF(A966="","",(E965+IF('Calculadora'!$C$13="Al principio del periodo",C966,0))*'Calculadora'!$C$21) | E966: =IF(A966="","",E965+C966+D966) | F966: =IF(A966="","",F965+C966)

Sheet Año a año
B2: Resumen año a año
B4: Plantilla de skilio.com/calculadoras/interes-compuesto/
A5: Año | B5: Total aportado | C5: Intereses acumulados | D5: Saldo | E5: Saldo en dinero de hoy
A6: =IF(1<='Calculadora'!$C$11,1,"") -> 1 | B6: =IF(A6="","",INDEX('Mes a mes'!F$7:F$966,A6*12)) -> 12400 | C6: =IF(A6="","",D6-B6) -> 801.41787 | D6: =IF(A6="","",INDEX('Mes a mes'!E$7:E$966,A6*12)) -> 13201.418 | E6: =IF(A6="","",D6/(1+'Calculadora'!$C$15)^A6) -> 13201.418
A7: =IF(2<='Calculadora'!$C$11,2,"") -> 2 | B7: =IF(A7="","",INDEX('Mes a mes'!F$7:F$966,A7*12)) -> 14800 | C7: =IF(A7="","",D7-B7) -> 1834.2665 | D7: =IF(A7="","",INDEX('Mes a mes'!E$7:E$966,A7*12)) -> 16634.266 | E7: =IF(A7="","",D7/(1+'Calculadora'!$C$15)^A7) -> 16634.266
A8: =IF(3<='Calculadora'!$C$11,3,"") -> 3 | B8: =IF(A8="","",INDEX('Mes a mes'!F$7:F$966,A8*12)) -> 17200 | C8: =IF(A8="","",D8-B8) -> 3115.276 | D8: =IF(A8="","",INDEX('Mes a mes'!E$7:E$966,A8*12)) -> 20315.276 | E8: =IF(A8="","",D8/(1+'Calculadora'!$C$15)^A8) -> 20315.276
A9: =IF(4<='Calculadora'!$C$11,4,"") -> 4 | B9: =IF(A9="","",INDEX('Mes a mes'!F$7:F$966,A9*12)) -> 19600 | C9: =IF(A9="","",D9-B9) -> 4662.386 | D9: =IF(A9="","",INDEX('Mes a mes'!E$7:E$966,A9*12)) -> 24262.386 | E9: =IF(A9="","",D9/(1+'Calculadora'!$C$15)^A9) -> 24262.386
A10: =IF(5<='Calculadora'!$C$11,5,"") -> 5 | B10: =IF(A10="","",INDEX('Mes a mes'!F$7:F$966,A10*12)) -> 22000 | C10: =IF(A10="","",D10-B10) -> 6494.8329 | D10: =IF(A10="","",INDEX('Mes a mes'!E$7:E$966,A10*12)) -> 28494.833 | E10: =IF(A10="","",D10/(1+'Calculadora'!$C$15)^A10) -> 28494.833
A11: =IF(6<='Calculadora'!$C$11,6,"") -> 6 | B11: =IF(A11="","",INDEX('Mes a mes'!F$7:F$966,A11*12)) -> 24400 | C11: =IF(A11="","",D11-B11) -> 8633.2438 | D11: =IF(A11="","",INDEX('Mes a mes'!E$7:E$966,A11*12)) -> 33033.244 | E11: =IF(A11="","",D11/(1+'Calculadora'!$C$15)^A11) -> 33033.244
A12: =IF(7<='Calculadora'!$C$11,7,"") -> 7 | B12: =IF(A12="","",INDEX('Mes a mes'!F$7:F$966,A12*12)) -> 26800 | C12: =IF(A12="","",D12-B12) -> 11099.737 | D12: =IF(A12="","",INDEX('Mes a mes'!E$7:E$966,A12*12)) -> 37899.737 | E12: =IF(A12="","",D12/(1+'Calculadora'!$C$15)^A12) -> 37899.737
A13: =IF(8<='Calculadora'!$C$11,8,"") -> 8 | B13: =IF(A13="","",INDEX('Mes a mes'!F$7:F$966,A13*12)) -> 29200 | C13: =IF(A13="","",D13-B13) -> 13918.029 | D13: =IF(A13="","",INDEX('Mes a mes'!E$7:E$966,A13*12)) -> 43118.029 | E13: =IF(A13="","",D13/(1+'Calculadora'!$C$15)^A13) -> 43118.029
A14: =IF(9<='Calculadora'!$C$11,9,"") -> 9 | B14: =IF(A14="","",INDEX('Mes a mes'!F$7:F$966,A14*12)) -> 31600 | C14: =IF(A14="","",D14-B14) -> 17113.552 | D14: =IF(A14="","",INDEX('Mes a mes'!E$7:E$966,A14*12)) -> 48713.552 | E14: =IF(A14="","",D14/(1+'Calculadora'!$C$15)^A14) -> 48713.552
A15: =IF(10<='Calculadora'!$C$11,10,"") -> 10 | B15: =IF(A15="","",INDEX('Mes a mes'!F$7:F$966,A15*12)) -> 34000 | C15: =IF(A15="","",D15-B15) -> 20713.575 | D15: =IF(A15="","",INDEX('Mes a mes'!E$7:E$966,A15*12)) -> 54713.575 | E15: =IF(A15="","",D15/(1+'Calculadora'!$C$15)^A15) -> 54713.575
A16: =IF(11<='Calculadora'!$C$11,11,"") -> 11 | B16: =IF(A16="","",INDEX('Mes a mes'!F$7:F$966,A16*12)) -> 36400 | C16: =IF(A16="","",D16-B16) -> 24747.341 | D16: =IF(A16="","",INDEX('Mes a mes'!E$7:E$966,A16*12)) -> 61147.341 | E16: =IF(A16="","",D16/(1+'Calculadora'!$C$15)^A16) -> 61147.341
A17: =IF(12<='Calculadora'!$C$11,12,"") -> 12 | B17: =IF(A17="","",INDEX('Mes a mes'!F$7:F$966,A17*12)) -> 38800 | C17: =IF(A17="","",D17-B17) -> 29246.204 | D17: =IF(A17="","",INDEX('Mes a mes'!E$7:E$966,A17*12)) -> 68046.204 | E17: =IF(A17="","",D17/(1+'Calculadora'!$C$15)^A17) -> 68046.204
A18: =IF(13<='Calculadora'!$C$11,13,"") -> 13 | B18: =IF(A18="","",INDEX('Mes a mes'!F$7:F$966,A18*12)) -> 41200 | C18: =IF(A18="","",D18-B18) -> 34243.787 | D18: =IF(A18="","",INDEX('Mes a mes'!E$7:E$966,A18*12)) -> 75443.787 | E18: =IF(A18="","",D18/(1+'Calculadora'!$C$15)^A18) -> 75443.787
A19: =IF(14<='Calculadora'!$C$11,14,"") -> 14 | B19: =IF(A19="","",INDEX('Mes a mes'!F$7:F$966,A19*12)) -> 43600 | C19: =IF(A19="","",D19-B19) -> 39776.142 | D19: =IF(A19="","",INDEX('Mes a mes'!E$7:E$966,A19*12)) -> 83376.142 | E19: =IF(A19="","",D19/(1+'Calculadora'!$C$15)^A19) -> 83376.142
A20: =IF(15<='Calculadora'!$C$11,15,"") -> 15 | B20: =IF(A20="","",INDEX('Mes a mes'!F$7:F$966,A20*12)) -> 46000 | C20: =IF(A20="","",D20-B20) -> 45881.927 | D20: =IF(A20="","",INDEX('Mes a mes'!E$7:E$966,A20*12)) -> 91881.927 | E20: =IF(A20="","",D20/(1+'Calculadora'!$C$15)^A20) -> 91881.927
A21: =IF(16<='Calculadora'!$C$11,16,"") -> 16 | B21: =IF(A21="","",INDEX('Mes a mes'!F$7:F$966,A21*12)) -> 48400 | C21: =IF(A21="","",D21-B21) -> 52602.596 | D21: =IF(A21="","",INDEX('Mes a mes'!E$7:E$966,A21*12)) -> 101002.6 | E21: =IF(A21="","",D21/(1+'Calculadora'!$C$15)^A21) -> 101002.6
A22: =IF(17<='Calculadora'!$C$11,17,"") -> 17 | B22: =IF(A22="","",INDEX('Mes a mes'!F$7:F$966,A22*12)) -> 50800 | C22: =IF(A22="","",D22-B22) -> 59982.598 | D22: =IF(A22="","",INDEX('Mes a mes'!E$7:E$966,A22*12)) -> 110782.6 | E22: =IF(A22="","",D22/(1+'Calculadora'!$C$15)^A22) -> 110782.6
A23: =IF(18<='Calculadora'!$C$11,18,"") -> 18 | B23: =IF(A23="","",INDEX('Mes a mes'!F$7:F$966,A23*12)) -> 53200 | C23: =IF(A23="","",D23-B23) -> 68069.599 | D23: =IF(A23="","",INDEX('Mes a mes'!E$7:E$966,A23*12)) -> 121269.6 | E23: =IF(A23="","",D23/(1+'Calculadora'!$C$15)^A23) -> 121269.6
A24: =IF(19<='Calculadora'!$C$11,19,"") -> 19 | B24: =IF(A24="","",INDEX('Mes a mes'!F$7:F$966,A24*12)) -> 55600 | C24: =IF(A24="","",D24-B24) -> 76914.705 | D24: =IF(A24="","",INDEX('Mes a mes'!E$7:E$966,A24*12)) -> 132514.7 | E24: =IF(A24="","",D24/(1+'Calculadora'!$C$15)^A24) -> 132514.7
A25: =IF(20<='Calculadora'!$C$11,20,"") -> 20 | B25: =IF(A25="","",INDEX('Mes a mes'!F$7:F$966,A25*12)) -> 58000 | C25: =IF(A25="","",D25-B25) -> 86572.72 | D25: =IF(A25="","",INDEX('Mes a mes'!E$7:E$966,A25*12)) -> 144572.72 | E25: =IF(A25="","",D25/(1+'Calculadora'!$C$15)^A25) -> 144572.72
A26: =IF(21<='Calculadora'!$C$11,21,"") | B26: =IF(A26="","",INDEX('Mes a mes'!F$7:F$966,A26*12)) | C26: =IF(A26="","",D26-B26) | D26: =IF(A26="","",INDEX('Mes a mes'!E$7:E$966,A26*12)) | E26: =IF(A26="","",D26/(1+'Calculadora'!$C$15)^A26)
A27: =IF(22<='Calculadora'!$C$11,22,"") | B27: =IF(A27="","",INDEX('Mes a mes'!F$7:F$966,A27*12)) | C27: =IF(A27="","",D27-B27) | D27: =IF(A27="","",INDEX('Mes a mes'!E$7:E$966,A27*12)) | E27: =IF(A27="","",D27/(1+'Calculadora'!$C$15)^A27)
A28: =IF(23<='Calculadora'!$C$11,23,"") | B28: =IF(A28="","",INDEX('Mes a mes'!F$7:F$966,A28*12)) | C28: =IF(A28="","",D28-B28) | D28: =IF(A28="","",INDEX('Mes a mes'!E$7:E$966,A28*12)) | E28: =IF(A28="","",D28/(1+'Calculadora'!$C$15)^A28)
A29: =IF(24<='Calculadora'!$C$11,24,"") | B29: =IF(A29="","",INDEX('Mes a mes'!F$7:F$966,A29*12)) | C29: =IF(A29="","",D29-B29) | D29: =IF(A29="","",INDEX('Mes a mes'!E$7:E$966,A29*12)) | E29: =IF(A29="","",D29/(1+'Calculadora'!$C$15)^A29)
A30: =IF(25<='Calculadora'!$C$11,25,"") | B30: =IF(A30="","",INDEX('Mes a mes'!F$7:F$966,A30*12)) | C30: =IF(A30="","",D30-B30) | D30: =IF(A30="","",INDEX('Mes a mes'!E$7:E$966,A30*12)) | E30: =IF(A30="","",D30/(1+'Calculadora'!$C$15)^A30)
A31: =IF(26<='Calculadora'!$C$11,26,"") | B31: =IF(A31="","",INDEX('Mes a mes'!F$7:F$966,A31*12)) | C31: =IF(A31="","",D31-B31) | D31: =IF(A31="","",INDEX('Mes a mes'!E$7:E$966,A31*12)) | E31: =IF(A31="","",D31/(1+'Calculadora'!$C$15)^A31)
A32: =IF(27<='Calculadora'!$C$11,27,"") | B32: =IF(A32="","",INDEX('Mes a mes'!F$7:F$966,A32*12)) | C32: =IF(A32="","",D32-B32) | D32: =IF(A32="","",INDEX('Mes a mes'!E$7:E$966,A32*12)) | E32: =IF(A32="","",D32/(1+'Calculadora'!$C$15)^A32)
A33: =IF(28<='Calculadora'!$C$11,28,"") | B33: =IF(A33="","",INDEX('Mes a mes'!F$7:F$966,A33*12)) | C33: =IF(A33="","",D33-B33) | D33: =IF(A33="","",INDEX('Mes a mes'!E$7:E$966,A33*12)) | E33: =IF(A33="","",D33/(1+'Calculadora'!$C$15)^A33)
A34: =IF(29<='Calculadora'!$C$11,29,"") | B34: =IF(A34="","",INDEX('Mes a mes'!F$7:F$966,A34*12)) | C34: =IF(A34="","",D34-B34) | D34: =IF(A34="","",INDEX('Mes a mes'!E$7:E$966,A34*12)) | E34: =IF(A34="","",D34/(1+'Calculadora'!$C$15)^A34)
A35: =IF(30<='Calculadora'!$C$11,30,"") | B35: =IF(A35="","",INDEX('Mes a mes'!F$7:F$966,A35*12)) | C35: =IF(A35="","",D35-B35) | D35: =IF(A35="","",INDEX('Mes a mes'!E$7:E$966,A35*12)) | E35: =IF(A35="","",D35/(1+'Calculadora'!$C$15)^A35)
A36: =IF(31<='Calculadora'!$C$11,31,"") | B36: =IF(A36="","",INDEX('Mes a mes'!F$7:F$966,A36*12)) | C36: =IF(A36="","",D36-B36) | D36: =IF(A36="","",INDEX('Mes a mes'!E$7:E$966,A36*12)) | E36: =IF(A36="","",D36/(1+'Calculadora'!$C$15)^A36)
A37: =IF(32<='Calculadora'!$C$11,32,"") | B37: =IF(A37="","",INDEX('Mes a mes'!F$7:F$966,A37*12)) | C37: =IF(A37="","",D37-B37) | D37: =IF(A37="","",INDEX('Mes a mes'!E$7:E$966,A37*12)) | E37: =IF(A37="","",D37/(1+'Calculadora'!$C$15)^A37)
A38: =IF(33<='Calculadora'!$C$11,33,"") | B38: =IF(A38="","",INDEX('Mes a mes'!F$7:F$966,A38*12)) | C38: =IF(A38="","",D38-B38) | D38: =IF(A38="","",INDEX('Mes a mes'!E$7:E$966,A38*12)) | E38: =IF(A38="","",D38/(1+'Calculadora'!$C$15)^A38)
A39: =IF(34<='Calculadora'!$C$11,34,"") | B39: =IF(A39="","",INDEX('Mes a mes'!F$7:F$966,A39*12)) | C39: =IF(A39="","",D39-B39) | D39: =IF(A39="","",INDEX('Mes a mes'!E$7:E$966,A39*12)) | E39: =IF(A39="","",D39/(1+'Calculadora'!$C$15)^A39)
A40: =IF(35<='Calculadora'!$C$11,35,"") | B40: =IF(A40="","",INDEX('Mes a mes'!F$7:F$966,A40*12)) | C40: =IF(A40="","",D40-B40) | D40: =IF(A40="","",INDEX('Mes a mes'!E$7:E$966,A40*12)) | E40: =IF(A40="","",D40/(1+'Calculadora'!$C$15)^A40)
A41: =IF(36<='Calculadora'!$C$11,36,"") | B41: =IF(A41="","",INDEX('Mes a mes'!F$7:F$966,A41*12)) | C41: =IF(A41="","",D41-B41) | D41: =IF(A41="","",INDEX('Mes a mes'!E$7:E$966,A41*12)) | E41: =IF(A41="","",D41/(1+'Calculadora'!$C$15)^A41)
A42: =IF(37<='Calculadora'!$C$11,37,"") | B42: =IF(A42="","",INDEX('Mes a mes'!F$7:F$966,A42*12)) | C42: =IF(A42="","",D42-B42) | D42: =IF(A42="","",INDEX('Mes a mes'!E$7:E$966,A42*12)) | E42: =IF(A42="","",D42/(1+'Calculadora'!$C$15)^A42)
A43: =IF(38<='Calculadora'!$C$11,38,"") | B43: =IF(A43="","",INDEX('Mes a mes'!F$7:F$966,A43*12)) | C43: =IF(A43="","",D43-B43) | D43: =IF(A43="","",INDEX('Mes a mes'!E$7:E$966,A43*12)) | E43: =IF(A43="","",D43/(1+'Calculadora'!$C$15)^A43)
A44: =IF(39<='Calculadora'!$C$11,39,"") | B44: =IF(A44="","",INDEX('Mes a mes'!F$7:F$966,A44*12)) | C44: =IF(A44="","",D44-B44) | D44: =IF(A44="","",INDEX('Mes a mes'!E$7:E$966,A44*12)) | E44: =IF(A44="","",D44/(1+'Calculadora'!$C$15)^A44)
A45: =IF(40<='Calculadora'!$C$11,40,"") | B45: =IF(A45="","",INDEX('Mes a mes'!F$7:F$966,A45*12)) | C45: =IF(A45="","",D45-B45) | D45: =IF(A45="","",INDEX('Mes a mes'!E$7:E$966,A45*12)) | E45: =IF(A45="","",D45/(1+'Calculadora'!$C$15)^A45)
A46: =IF(41<='Calculadora'!$C$11,41,"") | B46: =IF(A46="","",INDEX('Mes a mes'!F$7:F$966,A46*12)) | C46: =IF(A46="","",D46-B46) | D46: =IF(A46="","",INDEX('Mes a mes'!E$7:E$966,A46*12)) | E46: =IF(A46="","",D46/(1+'Calculadora'!$C$15)^A46)
A47: =IF(42<='Calculadora'!$C$11,42,"") | B47: =IF(A47="","",INDEX('Mes a mes'!F$7:F$966,A47*12)) | C47: =IF(A47="","",D47-B47) | D47: =IF(A47="","",INDEX('Mes a mes'!E$7:E$966,A47*12)) | E47: =IF(A47="","",D47/(1+'Calculadora'!$C$15)^A47)
A48: =IF(43<='Calculadora'!$C$11,43,"") | B48: =IF(A48="","",INDEX('Mes a mes'!F$7:F$966,A48*12)) | C48: =IF(A48="","",D48-B48) | D48: =IF(A48="","",INDEX('Mes a mes'!E$7:E$966,A48*12)) | E48: =IF(A48="","",D48/(1+'Calculadora'!$C$15)^A48)
A49: =IF(44<='Calculadora'!$C$11,44,"") | B49: =IF(A49="","",INDEX('Mes a mes'!F$7:F$966,A49*12)) | C49: =IF(A49="","",D49-B49) | D49: =IF(A49="","",INDEX('Mes a mes'!E$7:E$966,A49*12)) | E49: =IF(A49="","",D49/(1+'Calculadora'!$C$15)^A49)
A50: =IF(45<='Calculadora'!$C$11,45,"") | B50: =IF(A50="","",INDEX('Mes a mes'!F$7:F$966,A50*12)) | C50: =IF(A50="","",D50-B50) | D50: =IF(A50="","",INDEX('Mes a mes'!E$7:E$966,A50*12)) | E50: =IF(A50="","",D50/(1+'Calculadora'!$C$15)^A50)
A51: =IF(46<='Calculadora'!$C$11,46,"") | B51: =IF(A51="","",INDEX('Mes a mes'!F$7:F$966,A51*12)) | C51: =IF(A51="","",D51-B51) | D51: =IF(A51="","",INDEX('Mes a mes'!E$7:E$966,A51*12)) | E51: =IF(A51="","",D51/(1+'Calculadora'!$C$15)^A51)
A52: =IF(47<='Calculadora'!$C$11,47,"") | B52: =IF(A52="","",INDEX('Mes a mes'!F$7:F$966,A52*12)) | C52: =IF(A52="","",D52-B52) | D52: =IF(A52="","",INDEX('Mes a mes'!E$7:E$966,A52*12)) | E52: =IF(A52="","",D52/(1+'Calculadora'!$C$15)^A52)
A53: =IF(48<='Calculadora'!$C$11,48,"") | B53: =IF(A53="","",INDEX('Mes a mes'!F$7:F$966,A53*12)) | C53: =IF(A53="","",D53-B53) | D53: =IF(A53="","",INDEX('Mes a mes'!E$7:E$966,A53*12)) | E53: =IF(A53="","",D53/(1+'Calculadora'!$C$15)^A53)
A54: =IF(49<='Calculadora'!$C$11,49,"") | B54: =IF(A54="","",INDEX('Mes a mes'!F$7:F$966,A54*12)) | C54: =IF(A54="","",D54-B54) | D54: =IF(A54="","",INDEX('Mes a mes'!E$7:E$966,A54*12)) | E54: =IF(A54="","",D54/(1+'Calculadora'!$C$15)^A54)
A55: =IF(50<='Calculadora'!$C$11,50,"") | B55: =IF(A55="","",INDEX('Mes a mes'!F$7:F$966,A55*12)) | C55: =IF(A55="","",D55-B55) | D55: =IF(A55="","",INDEX('Mes a mes'!E$7:E$966,A55*12)) | E55: =IF(A55="","",D55/(1+'Calculadora'!$C$15)^A55)
A56: =IF(51<='Calculadora'!$C$11,51,"") | B56: =IF(A56="","",INDEX('Mes a mes'!F$7:F$966,A56*12)) | C56: =IF(A56="","",D56-B56) | D56: =IF(A56="","",INDEX('Mes a mes'!E$7:E$966,A56*12)) | E56: =IF(A56="","",D56/(1+'Calculadora'!$C$15)^A56)
A57: =IF(52<='Calculadora'!$C$11,52,"") | B57: =IF(A57="","",INDEX('Mes a mes'!F$7:F$966,A57*12)) | C57: =IF(A57="","",D57-B57) | D57: =IF(A57="","",INDEX('Mes a mes'!E$7:E$966,A57*12)) | E57: =IF(A57="","",D57/(1+'Calculadora'!$C$15)^A57)
A58: =IF(53<='Calculadora'!$C$11,53,"") | B58: =IF(A58="","",INDEX('Mes a mes'!F$7:F$966,A58*12)) | C58: =IF(A58="","",D58-B58) | D58: =IF(A58="","",INDEX('Mes a mes'!E$7:E$966,A58*12)) | E58: =IF(A58="","",D58/(1+'Calculadora'!$C$15)^A58)
A59: =IF(54<='Calculadora'!$C$11,54,"") | B59: =IF(A59="","",INDEX('Mes a mes'!F$7:F$966,A59*12)) | C59: =IF(A59="","",D59-B59) | D59: =IF(A59="","",INDEX('Mes a mes'!E$7:E$966,A59*12)) | E59: =IF(A59="","",D59/(1+'Calculadora'!$C$15)^A59)
A60: =IF(55<='Calculadora'!$C$11,55,"") | B60: =IF(A60="","",INDEX('Mes a mes'!F$7:F$966,A60*12)) | C60: =IF(A60="","",D60-B60) | D60: =IF(A60="","",INDEX('Mes a mes'!E$7:E$966,A60*12)) | E60: =IF(A60="","",D60/(1+'Calculadora'!$C$15)^A60)
A61: =IF(56<='Calculadora'!$C$11,56,"") | B61: =IF(A61="","",INDEX('Mes a mes'!F$7:F$966,A61*12)) | C61: =IF(A61="","",D61-B61) | D61: =IF(A61="","",INDEX('Mes a mes'!E$7:E$966,A61*12)) | E61: =IF(A61="","",D61/(1+'Calculadora'!$C$15)^A61)
A62: =IF(57<='Calculadora'!$C$11,57,"") | B62: =IF(A62="","",INDEX('Mes a mes'!F$7:F$966,A62*12)) | C62: =IF(A62="","",D62-B62) | D62: =IF(A62="","",INDEX('Mes a mes'!E$7:E$966,A62*12)) | E62: =IF(A62="","",D62/(1+'Calculadora'!$C$15)^A62)
A63: =IF(58<='Calculadora'!$C$11,58,"") | B63: =IF(A63="","",INDEX('Mes a mes'!F$7:F$966,A63*12)) | C63: =IF(A63="","",D63-B63) | D63: =IF(A63="","",INDEX('Mes a mes'!E$7:E$966,A63*12)) | E63: =IF(A63="","",D63/(1+'Calculadora'!$C$15)^A63)
A64: =IF(59<='Calculadora'!$C$11,59,"") | B64: =IF(A64="","",INDEX('Mes a mes'!F$7:F$966,A64*12)) | C64: =IF(A64="","",D64-B64) | D64: =IF(A64="","",INDEX('Mes a mes'!E$7:E$966,A64*12)) | E64: =IF(A64="","",D64/(1+'Calculadora'!$C$15)^A64)
A65: =IF(60<='Calculadora'!$C$11,60,"") | B65: =IF(A65="","",INDEX('Mes a mes'!F$7:F$966,A65*12)) | C65: =IF(A65="","",D65-B65) | D65: =IF(A65="","",INDEX('Mes a mes'!E$7:E$966,A65*12)) | E65: =IF(A65="","",D65/(1+'Calculadora'!$C$15)^A65)
A66: =IF(61<='Calculadora'!$C$11,61,"") | B66: =IF(A66="","",INDEX('Mes a mes'!F$7:F$966,A66*12)) | C66: =IF(A66="","",D66-B66) | D66: =IF(A66="","",INDEX('Mes a mes'!E$7:E$966,A66*12)) | E66: =IF(A66="","",D66/(1+'Calculadora'!$C$15)^A66)
A67: =IF(62<='Calculadora'!$C$11,62,"") | B67: =IF(A67="","",INDEX('Mes a mes'!F$7:F$966,A67*12)) | C67: =IF(A67="","",D67-B67) | D67: =IF(A67="","",INDEX('Mes a mes'!E$7:E$966,A67*12)) | E67: =IF(A67="","",D67/(1+'Calculadora'!$C$15)^A67)
A68: =IF(63<='Calculadora'!$C$11,63,"") | B68: =IF(A68="","",INDEX('Mes a mes'!F$7:F$966,A68*12)) | C68: =IF(A68="","",D68-B68) | D68: =IF(A68="","",INDEX('Mes a mes'!E$7:E$966,A68*12)) | E68: =IF(A68="","",D68/(1+'Calculadora'!$C$15)^A68)
A69: =IF(64<='Calculadora'!$C$11,64,"") | B69: =IF(A69="","",INDEX('Mes a mes'!F$7:F$966,A69*12)) | C69: =IF(A69="","",D69-B69) | D69: =IF(A69="","",INDEX('Mes a mes'!E$7:E$966,A69*12)) | E69: =IF(A69="","",D69/(1+'Calculadora'!$C$15)^A69)
A70: =IF(65<='Calculadora'!$C$11,65,"") | B70: =IF(A70="","",INDEX('Mes a mes'!F$7:F$966,A70*12)) | C70: =IF(A70="","",D70-B70) | D70: =IF(A70="","",INDEX('Mes a mes'!E$7:E$966,A70*12)) | E70: =IF(A70="","",D70/(1+'Calculadora'!$C$15)^A70)
A71: =IF(66<='Calculadora'!$C$11,66,"") | B71: =IF(A71="","",INDEX('Mes a mes'!F$7:F$966,A71*12)) | C71: =IF(A71="","",D71-B71) | D71: =IF(A71="","",INDEX('Mes a mes'!E$7:E$966,A71*12)) | E71: =IF(A71="","",D71/(1+'Calculadora'!$C$15)^A71)
A72: =IF(67<='Calculadora'!$C$11,67,"") | B72: =IF(A72="","",INDEX('Mes a mes'!F$7:F$966,A72*12)) | C72: =IF(A72="","",D72-B72) | D72: =IF(A72="","",INDEX('Mes a mes'!E$7:E$966,A72*12)) | E72: =IF(A72="","",D72/(1+'Calculadora'!$C$15)^A72)
A73: =IF(68<='Calculadora'!$C$11,68,"") | B73: =IF(A73="","",INDEX('Mes a mes'!F$7:F$966,A73*12)) | C73: =IF(A73="","",D73-B73) | D73: =IF(A73="","",INDEX('Mes a mes'!E$7:E$966,A73*12)) | E73: =IF(A73="","",D73/(1+'Calculadora'!$C$15)^A73)
A74: =IF(69<='Calculadora'!$C$11,69,"") | B74: =IF(A74="","",INDEX('Mes a mes'!F$7:F$966,A74*12)) | C74: =IF(A74="","",D74-B74) | D74: =IF(A74="","",INDEX('Mes a mes'!E$7:E$966,A74*12)) | E74: =IF(A74="","",D74/(1+'Calculadora'!$C$15)^A74)
A75: =IF(70<='Calculadora'!$C$11,70,"") | B75: =IF(A75="","",INDEX('Mes a mes'!F$7:F$966,A75*12)) | C75: =IF(A75="","",D75-B75) | D75: =IF(A75="","",INDEX('Mes a mes'!E$7:E$966,A75*12)) | E75: =IF(A75="","",D75/(1+'Calculadora'!$C$15)^A75)
A76: =IF(71<='Calculadora'!$C$11,71,"") | B76: =IF(A76="","",INDEX('Mes a mes'!F$7:F$966,A76*12)) | C76: =IF(A76="","",D76-B76) | D76: =IF(A76="","",INDEX('Mes a mes'!E$7:E$966,A76*12)) | E76: =IF(A76="","",D76/(1+'Calculadora'!$C$15)^A76)
A77: =IF(72<='Calculadora'!$C$11,72,"") | B77: =IF(A77="","",INDEX('Mes a mes'!F$7:F$966,A77*12)) | C77: =IF(A77="","",D77-B77) | D77: =IF(A77="","",INDEX('Mes a mes'!E$7:E$966,A77*12)) | E77: =IF(A77="","",D77/(1+'Calculadora'!$C$15)^A77)
A78: =IF(73<='Calculadora'!$C$11,73,"") | B78: =IF(A78="","",INDEX('Mes a mes'!F$7:F$966,A78*12)) | C78: =IF(A78="","",D78-B78) | D78: =IF(A78="","",INDEX('Mes a mes'!E$7:E$966,A78*12)) | E78: =IF(A78="","",D78/(1+'Calculadora'!$C$15)^A78)
A79: =IF(74<='Calculadora'!$C$11,74,"") | B79: =IF(A79="","",INDEX('Mes a mes'!F$7:F$966,A79*12)) | C79: =IF(A79="","",D79-B79) | D79: =IF(A79="","",INDEX('Mes a mes'!E$7:E$966,A79*12)) | E79: =IF(A79="","",D79/(1+'Calculadora'!$C$15)^A79)
A80: =IF(75<='Calculadora'!$C$11,75,"") | B80: =IF(A80="","",INDEX('Mes a mes'!F$7:F$966,A80*12)) | C80: =IF(A80="","",D80-B80) | D80: =IF(A80="","",INDEX('Mes a mes'!E$7:E$966,A80*12)) | E80: =IF(A80="","",D80/(1+'Calculadora'!$C$15)^A80)
A81: =IF(76<='Calculadora'!$C$11,76,"") | B81: =IF(A81="","",INDEX('Mes a mes'!F$7:F$966,A81*12)) | C81: =IF(A81="","",D81-B81) | D81: =IF(A81="","",INDEX('Mes a mes'!E$7:E$966,A81*12)) | E81: =IF(A81="","",D81/(1+'Calculadora'!$C$15)^A81)
A82: =IF(77<='Calculadora'!$C$11,77,"") | B82: =IF(A82="","",INDEX('Mes a mes'!F$7:F$966,A82*12)) | C82: =IF(A82="","",D82-B82) | D82: =IF(A82="","",INDEX('Mes a mes'!E$7:E$966,A82*12)) | E82: =IF(A82="","",D82/(1+'Calculadora'!$C$15)^A82)
A83: =IF(78<='Calculadora'!$C$11,78,"") | B83: =IF(A83="","",INDEX('Mes a mes'!F$7:F$966,A83*12)) | C83: =IF(A83="","",D83-B83) | D83: =IF(A83="","",INDEX('Mes a mes'!E$7:E$966,A83*12)) | E83: =IF(A83="","",D83/(1+'Calculadora'!$C$15)^A83)
A84: =IF(79<='Calculadora'!$C$11,79,"") | B84: =IF(A84="","",INDEX('Mes a mes'!F$7:F$966,A84*12)) | C84: =IF(A84="","",D84-B84) | D84: =IF(A84="","",INDEX('Mes a mes'!E$7:E$966,A84*12)) | E84: =IF(A84="","",D84/(1+'Calculadora'!$C$15)^A84)
A85: =IF(80<='Calculadora'!$C$11,80,"") | B85: =IF(A85="","",INDEX('Mes a mes'!F$7:F$966,A85*12)) | C85: =IF(A85="","",D85-B85) | D85: =IF(A85="","",INDEX('Mes a mes'!E$7:E$966,A85*12)) | E85: =IF(A85="","",D85/(1+'Calculadora'!$C$15)^A85)

Sheet Cómo se usa
B2: Cómo se usa la plantilla de interés compuesto
B4: 1. Escribe el dinero que tienes hoy, lo que aportarás y cada cuánto, la rentabilidad anual que esperas y los años.
B5: 2. El interés compuesto hace que los intereses también generen intereses: por eso el saldo crece cada vez más deprisa.
B6: 3. En las opciones puedes cambiar la capitalización, aportar al principio del periodo o subir la aportación cada año.
B7: 4. «Mes a mes» tiene el detalle de cada mes y «Año a año», el resumen. El gráfico enseña los 40 primeros años.
B9: La rentabilidad no está garantizada: en bolsa hay años con pérdidas. Prueba con cifras prudentes.
B10: Las celdas naranjas son las que puedes cambiar. Las demás llevan fórmulas: si las borras, la plantilla deja de calcular.
B11: Funciona en Excel, en Google Sheets (súbela a Drive y ábrela con Hojas de cálculo) y en LibreOffice. No tiene macros.
B12: Las cifras no llevan símbolo de moneda: sirve para euros, pesos, dólares o cualquier otra.
B13: Es una estimación orientativa con las fórmulas habituales. Para una decisión importante, compara con la oferta o el contrato reales.
B15: Calculadora online con estos mismos cálculos: skilio.com/calculadoras/interes-compuesto/
